 Dungeon Crawl Stone Soup version 0.27-a0-1202-ge72e49191c (webtiles) character file.

Game seed: 12238867095360544419

5023 bobarctor the Thaumaturge (level 10, 0/52 HPs)
             Began as a Deep Elf Necromancer on June 5, 2021.
             Was an Elder of Okawaru.
             Slain by a two-headed ogre
             ... wielding a +0 giant spiked club
              (27 damage)
             ... on level 8 of the Dungeon.
             The game lasted 00:47:59 (11525 turns).

bobarctor the Thaumaturge (Deep Elf Necromancer)   Turns: 11525, Time: 00:48:00

Health: 0/52       AC: 12    Str:  5    XL:     10   Next: 30%
Magic:  18/29      EV: 13    Int: 24    God:    Okawaru [****..]
Gold:   562        SH:  0    Dex: 20    Spells: 16/36 levels left

rFire    + + .     SeeInvis .   E - +10 falchion "bobarctor's Doom" {chaos, *Noise rF++ Dex+5}
rCold    . . .     Faith    .   (no shield)
rNeg     + . .     Spirit   .   a - +0 robe
rPois    .         Reflect  .   B - +2 helmet
rElec    .         Harm     .   d - +2 cloak
rCorr    .         Rampage  .   D - +2 pair of gloves {Stlth+}
Will     ++...                  C - +0 pair of boots
Stlth    ++++......             (no amulet)
HPRegen  0.17/turn              n - ring of willpower
MPRegen  0.21/turn              h - ring of positive energy

@: no status effects
A: no striking features
a: Renounce Religion, Heroism


You were on level 8 of the Dungeon.
You worshipped Okawaru.
Okawaru was greatly pleased with you.
You visited 2 branches of the dungeon, and saw 10 of its levels.

You collected 562 gold pieces.

Inventory:

Hand Weapons
 i - a +2 dagger of venom
 k - a +1 short sword of flaming
 p - a +0 hand crossbow
 A - a +0 shortbow
 E - the +10 falchion "bobarctor's Doom" (weapon) {chaos, *Noise rF++ Dex+5}
   (You found it on level 7 of the Dungeon)

   Each time it hits an enemy it has a different, random effect.
   It affects your dexterity (+5).
   It greatly protects you from fire.
   It may make noises in combat.
Missiles
 c - 210 stones
 f - 93 bolts
 o - 5 boomerangs
 q - 270 arrows
 t - 108 poisoned darts (quivered)
 J - 7 javelins
Armour
 a - a +0 robe (worn)
 d - a +2 cloak (worn)
 l - a +1 ring mail of cold resistance
 B - a +2 helmet (worn)
 C - a +0 pair of boots (worn)
 D - a +2 pair of gloves of stealth (worn)
Magical Staves
 P - a staff of death
Jewellery
 h - a ring of positive energy (right hand)
 n - a ring of willpower (left hand)
 F - a ring of ice
Wands
 r - a wand of polymorph (10)
 v - a wand of paralysis (15)
 y - a wand of flame (33)
 I - a wand of mindburst (20)
 O - a wand of charming (3)
 Q - a wand of acid (8)
Scrolls
 H - 2 scrolls of teleportation
 K - 3 scrolls of identify
 L - a scroll of amnesia {unknown}
 M - a scroll of fear {unknown}
 N - 2 scrolls of blinking {unknown}
Potions
 b - a potion of attraction
 e - a potion of resistance
 g - 3 potions of curing
 j - a potion of cancellation
 m - a potion of haste {unknown}
 s - 2 potions of berserk rage
 u - 4 potions of heal wounds
 w - 6 potions of flight
 x - a potion of mutation {unknown}
 z - a potion of might {unknown}
 G - 3 potions of ambrosia {unknown}


   Skills:
 + Level 1.1 Fighting
 + Level 0.5(1.3) Short Blades
 + Level 1.7 Long Blades
 + Level 3.0 Dodging
 + Level 3.8 Stealth
 * Level 13.6 Spellcasting
 * Level 6.2 Conjurations
 + Level 0.3 Hexes
 + Level 9.5 Necromancy
 * Level 4.9 Invocations


You had 16 spell levels left.
You knew the following spells:

 Your Spells              Type           Power      Damage    Failure   Level
a - Pain                  Necr           100%       1d9       1%          1
b - Animate Skeleton      Necr           100%       N/A       1%          1
c - Vampiric Draining     Necr           29%        2d10      1%          3
d - Magic Dart            Conj           100%       1d8       1%          1
e - Dazzling Flash        Conj/Hex       64%        N/A       2%          3
f - Searing Ray           Conj           92%        3d6       1%          2
g - Agony                 Necr           58%        N/A       1%          5
h - Animate Dead          Necr           29%        N/A       1%          4

Your spell library contained the following spells:

 Spells                   Type           Power      Damage    Failure   Level
 Iskenderun's Battlesphe  Conj           46%        2d10      8%          5
 Fulminant Prism          Conj/Hex       16%        3d11      10%         4
 Iskenderun's Mystic Bla  Conj/Tloc      31%        2d8       10%         4
 Bolt of Magma            Conj/Fire/Erth 13%        4d8       41%         5
 Iron Shot                Conj/Erth      15%        9d4       83%         6
 Orb of Destruction       Conj           23%        9d10      94%         7
 Spellforged Servitor     Conj/Summ      15%        N/A       100%        7


Dungeon Overview and Level Annotations

Branches:
Dungeon (9/15)             Temple (1/1) D:5
   Lair: D:8-11         Orc: D:9-12

Altars:
Ashenzari
Cheibriados
Dithmenos
Elyvilon
Fedhas
Gozag
Hepliaklqana
Kikubaaqudgha
Makhleb
Nemelex Xobeh
Okawaru
Qazlal
Ru
Sif Muna
Trog
Uskayaw
Vehumet
Wu Jian
Xom
Yredelemnul
Zin
The Shining One

Shops:
D:3 *


Message History

Press: ? - help, Shift-Dir - straight line, f/p - two-headed ogre
Aim: a two-headed ogre, wielding a +0 giant spiked club and a +0 giant club (lightly wounded, chance to affect: 71%)
The two-headed ogre writhes in agony!
Casting: Pain (safe; 1% risk of failure)
Confirm with . or Enter, or press ? or * to list all spells.
Aiming: Pain (safe; 1% risk of failure)
Press: ? - help, Shift-Dir - straight line, f/p - two-headed ogre
Aim: a two-headed ogre, wielding a +0 giant spiked club and a +0 giant club (moderately wounded, chance to affect: 71%)
The two-headed ogre writhes in agony!
Casting: Pain (safe; 1% risk of failure)
Confirm with . or Enter, or press ? or * to list all spells.
Aiming: Pain (safe; 1% risk of failure)
Press: ? - help, Shift-Dir - straight line, f/p - two-headed ogre
Aim: a two-headed ogre, wielding a +0 giant spiked club and a +0 giant club (moderately wounded, chance to affect: 71%)
The two-headed ogre writhes in agony!
Casting: Pain (safe; 1% risk of failure)
Confirm with . or Enter, or press ? or * to list all spells.
Aiming: Pain (safe; 1% risk of failure)
Press: ? - help, Shift-Dir - straight line, f/p - two-headed ogre
Aim: a two-headed ogre, wielding a +0 giant spiked club and a +0 giant club (heavily wounded, chance to affect: 71%)
The two-headed ogre struggles to resist.
Casting: Pain (safe; 1% risk of failure)
Confirm with . or Enter, or press ? or * to list all spells.
Aiming: Vampiric Draining (safe; 1% risk of failure)
Press: ? - help, Shift-Dir - straight line, f/p - two-headed ogre
Aim: a two-headed ogre, wielding a +0 giant spiked club and a +0 giant club (heavily wounded)
You draw life force from the two-headed ogre.
You feel life coursing into your body. The two-headed ogre barely misses you.
The two-headed ogre hits you with a +0 giant club!
Unknown command.
Casting: Vampiric Draining (safe; 1% risk of failure)
Confirm with . or Enter, or press ? or * to list all spells.
Aiming: Vampiric Draining (safe; 1% risk of failure)
Press: ? - help, Shift-Dir - straight line, f/p - two-headed ogre
Aim: a two-headed ogre, wielding a +0 giant spiked club and a +0 giant club (heavily wounded)
You draw life force from the two-headed ogre.
You feel life coursing into your body.
The two-headed ogre hits you with a +0 giant spiked club!!
Ouch! That really hurt!
You die...

.#..#.#gY# #.#......#........
[#..###..# #........#.#######
.##..##### #.##.###.#.#
.##....#### #.##.# #.#.#
.##.......### #.##.# #.#.#
.###........## #.##.# #.#.# .#
#.........###.##.###'#'####+#
.#
##...W.....##O##.............(
.#
##........##@##..............
.#
###.......#†##..............
## ##...)).#.##..............
# ##.....#.##.####.#######. #
#....<#.##.# ..# #
##.....#.##.# #.# #
##......#.##.# ..# #
##.......#.. # ###.......##


You could see a two-headed ogre.

Vanquished Creatures
  An ugly thing (D:8)
  Grinder (D:5)
  Sigmund (D:5)
  Eustachio (D:6)
  8 yaks
  A steam dragon (D:8)
  Menkaure (D:4)
  2 water moccasins
  3 orc warriors
  An ice beast (D:7)
  4 sky beasts
  An ogre (D:6)
  4 centaurs
  A kobold brigand (D:9)
  2 bullfrogs
  A gnoll sergeant (D:8)
  A wyvern zombie (D:8)
  A scorpion (D:5)
  2 howler monkeys
  4 centaur zombies
  7 orc priests
  4 hounds
  2 bullfrog skeletons
  A gnoll shaman (D:8)
  2 iguanas (D:5)
  6 orc wizards
  5 adders
  2 gnolls (D:8)
  3 white imps
  3 worms
  A dart slug (D:1)
  26 orcs
  3 bats
  A bat zombie (D:8)
  An endoplasm (D:2)
  3 giant cockroaches
  7 goblins
  4 hobgoblins
  5 jackals
  10 ball pythons
  A frilled lizard (D:1)
  15 kobolds
  5 rats
158 creatures vanquished.

Notes
Turn   | Place    | Note
-------+----------+-------------------------------------------
     0 | D:1      | bobarctor the Deep Elf Necromancer began the quest for the
                  | Orb.
     0 | D:1      | Reached XP level 1. HP: 10/10 MP: 6/6
   126 | D:1      | Reached skill level 5 in Necromancy
   361 | D:1      | Reached XP level 2. HP: 11/15 MP: 3/8
   363 | D:1      | Learned a level 1 spell: Animate Skeleton
   752 | D:1      | Found a faded altar of an unknown god.
  1365 | D:2      | Reached skill level 4 in Spellcasting
  1593 | D:2      | Reached XP level 3. HP: 18/19 MP: 8/10
  1597 | D:2      | Learned a level 3 spell: Vampiric Draining
  1599 | D:2      | Learned a level 1 spell: Magic Dart
  1603 | D:2      | Learned a level 3 spell: Dazzling Flash
  1880 | D:2      | Reached skill level 5 in Spellcasting
  2042 | D:2      | Reached XP level 4. HP: 19/24 MP: 8/13
  2128 | D:2      | Learned a level 2 spell: Searing Ray
  2292 | D:3      | Found Dintosos's General Store.
  2429 | D:3      | Noticed a sky beast
  2436 | D:3      | Killed a sky beast
  2437 | D:3      | Reached skill level 6 in Spellcasting
  2437 | D:3      | Reached skill level 1 in Conjurations
  2437 | D:3      | Reached XP level 5. HP: 28/28 MP: 6/15
  2729 | D:3      | Found a broken altar of Ashenzari.
  2851 | D:3      | Reached XP level 6. HP: 26/32 MP: 4/17
  3031 | D:3      | Reached skill level 7 in Spellcasting
  3105 | D:3      | Found a glowing silver altar of Zin.
  3202 | D:4      | Noticed Menkaure
  3383 | D:4      | Found an ornate altar of the Wu Jian Council.
  3392 | D:4      | Learned a level 5 spell: Agony
  4051 | D:5      | Entered Level 5 of the Dungeon
  4512 | D:5      | Noticed a sky beast
  4522 | D:5      | Killed a sky beast
  4523 | D:5      | Reached XP level 7. HP: 28/36 MP: 13/20
  4651 | D:5      | Reached skill level 8 in Spellcasting
  4954 | D:5      | Noticed Sigmund
  4965 | D:5      | Killed Sigmund
  4966 | D:5      | Reached skill level 9 in Spellcasting
  5241 | D:5      | Noticed Grinder
  5286 | D:5      | Found a hide-covered altar of Uskayaw.
  5286 | D:5      | Found a basalt altar of Yredelemnul.
  5639 | D:5      | Found a staircase to the Ecumenical Temple.
  5646 | Temple   | Entered the Ecumenical Temple
  5830 | Temple   | Became a worshipper of Warmaster Okawaru
  6132 | D:5      | Killed Grinder
  6133 | D:5      | Reached skill level 1 in Invocations
  6133 | D:5      | Reached XP level 8. HP: 37/41 MP: 10/23
  6252 | D:4      | Killed Menkaure
  6253 | D:4      | Reached skill level 10 in Spellcasting
  6644 | D:6      | Reached * piety under Okawaru
  7015 | D:6      | Learned a level 4 spell: Animate Dead
  7106 | D:6      | Noticed Eustachio
  7116 | D:6      | Killed Eustachio
  7266 | D:6      | Reached skill level 11 in Spellcasting
  7658 | D:7      | Reached XP level 9. HP: 45/45 MP: 19/26
  7803 | D:8      | Noticed a two-headed ogre
  7815 | D:7      | Identified the +10 falchion "bobarctor's Doom" {chaos,
                  | *Noise rF++ Dex+5}
  8605 | D:7      | Reached ** piety under Okawaru
  8771 | D:8      | Reached skill level 5 in Conjurations
  8902 | D:8      | Found an ancient bone altar of Kikubaaqudgha.
  9589 | D:9      | Reached skill level 12 in Spellcasting
  9826 | D:9      | Reached *** piety under Okawaru
 10397 | D:8      | Reached skill level 1 in Long Blades
 10565 | D:8      | Reached XP level 10. HP: 46/51 MP: 13/28
 10620 | D:8      | Reached skill level 1 in Fighting
 10680 | D:8      | Reached skill level 13 in Spellcasting
 11364 | D:8      | Noticed a white ugly thing
 11376 | D:8      | Killed a white ugly thing
 11376 | D:8      | Reached **** piety under Okawaru
 11525 | D:8      | Slain by a two-headed ogre

Illustrated notes

Levels and vault maps discovered:
D:1:      minmay_arrival_wavy_path, layout_loops_cross,
          chequers_ecumenical_altar_island, minmay_pentomino_v4
D:2:      layout_basic, minmay_misc_feat_diagonals
D:3:      cheibrodos_pilgrimage, layout_rooms, zin_statuary, lemuel_round_altar,
          serial_shops, shop_fountains
D:4:      layout_rooms, nzn_wu_jian_council_hall, due_unseen_surprise,
          uniq_menkaure
D:5:      layout_loops_corners, gammafunk_temple_overflow_wave,
          minmay_temple_entry_nine_rooms, uniq_grinder, uniq_sigmund
D:6:      layout_gridville, uniq_eustachio
D:7:      layout_basic, grunt_decor_junction
D:8:      minmay_s_stair_smasher, layout_basic,
          lemuel_zombie_altar_kikubaaqudgha, grunt_ministairs_10,
          hangedman_minor_gate_pass
D:9:      layout_rooms, minmay_statues_item, grunt_ministairs_9,
          minmay_pinched_square
Temple:   nicolae_temple_elliptical

Skill      XL: |  1  2  3  4  5  6  7  8  9 10 |
---------------+-------------------------------+-----
Necromancy     | 5 6 7 8 9 |  9.5
Spellcasting   | 4 5 6 7 9 11 12 13 | 13.6
Conjurations   | 1 2 4 5 6 |  6.2
Stealth        | 3 |  3.8
Invocations    | 1 2 4 |  4.9
Long Blades    | 1 |  1.7
Fighting       | 1 |  1.1
Dodging        | 3 |  3.0
Short Blades   | |  0.5
Hexes          | |  0.3

Action                   |  1- 3 |  4- 6 |  7- 9 | 10-12 || total
-------------------------+-------+-------+-------+-------++-------
Melee: Dagger            |       |    14 |    23 |       ||    37
       Falchion          |       |       |    50 |    21 ||    71
 Cast: Pain              |    66 |    40 |    71 |    20 ||   197
       Vampiric Draining |     1 |    12 |    51 |    20 ||    84
       Magic Dart        |       |    34 |    47 |     3 ||    84
       Searing Ray       |       |     2 |     7 |     1 ||    10
       Animate Skeleton  |       |     1 |     5 |       ||     6
       Dazzling Flash    |       |       |     5 |     1 ||     6
       Agony             |       |       |     2 |       ||     2
       Animate Dead      |       |       |     1 |     1 ||     2
Invok: Heroism           |       |       |       |     1 ||     1
  Use: Scroll            |       |     8 |     6 |       ||    14
 Stab: Sleeping          |       |     1 |     4 |       ||     5
       Distracted        |       |       |     1 |       ||     1
Armor: Robe              |       |     7 |    37 |    15 ||    59
Dodge: Dodged            |     5 |    13 |    89 |    26 ||   133
       Rpst.: Falchion   |       |       |     8 |     6 ||    14

Table legend: (Time is in decaauts)
 A = Elapsed time spent in this place.
 B = Non-inter-level travel time spent in this place.
 C = Inter-level travel time spent in this place.
 D = Time resting spent in this place.
 E = Time spent auto-exploring this place.
 F = Levels seen in this place.
 G = Mean time per level.
                   A        B        C        D        E       F      G
               +--------+--------+--------+--------+--------+-----+--------+
         Total |  11545 |  11072 |    473 |   4358 |   5193 |  10 | 1154.5 |
       Dungeon |  11340 |  10912 |    428 |   4358 |   5036 |   9 | 1260.0 |
        Temple |    205 |    160 |     45 |      0 |    157 |   1 |  205.0 |
               +--------+--------+--------+--------+--------+-----+--------+

Top non-repeatable levels by time:
     D:8: 2239 daAuts
     D:5: 2043 daAuts
     D:7: 1174 daAuts
     D:1: 1169 daAuts
     D:6: 1128 daAuts
     D:2: 1122 daAuts
     D:3: 1111 daAuts
     D:4: 819 daAuts
     D:9: 531 daAuts
  Temple: 205 daAuts
